 Dungeon Crawl Stone Soup version 0.20.1-1-g8b1a95d (webtiles) character file.

69 Peloso the Skirmisher (level 4, 26/35 HPs)
             Began as a Demonspawn Fighter on July 30, 2017.
             Quit the game on level 3 of the Dungeon.
             The game lasted 00:04:04 (1681 turns).

Peloso the Skirmisher (Demonspawn Fighter)          Turns: 1681, Time: 00:04:05

Health: 26/35      AC: 10    Str: 17    XL:     4   Next: 2%
Magic:  4/4        EV:  7    Int: 12    God:
Gold:   147        SH:  9    Dex: 13    Spells: 3/3 levels left

rFire    . . .     SeeInvis .   a - +0 long sword
rCold    . . .     Gourm    .   c - +0 shield
rNeg     . . .     Faith    .   b - +0 scale mail
rPois    .         Spirit   .   o - +1 hat
rElec    .         Reflect  .   (no cloak)
rCorr    .         Harm     .   r - +0 pair of gloves
MR       .....                  k - +0 pair of boots
Stlth    ..........             (no amulet)
Regen    0.2/turn               i - +3 ring of intelligence
MPRegen  0.1/turn               (no ring)

@: no status effects
A: claws 2, hooves 1
a: no special abilities


You were on level 3 of the Dungeon.
You were not hungry.

You visited 1 branch of the dungeon, and saw 3 of its levels.

You collected 147 gold pieces.

Inventory:

Hand Weapons
 a - a +0 long sword (weapon)
 e - a cursed -1 dagger
Armour
 b - a +0 scale mail (worn)
 c - a +0 shield (worn)
 k - a +0 pair of boots (worn)
 o - a +1 hat (worn)
 r - a +0 pair of gloves (worn)
Jewellery
 i - a +3 ring of intelligence (left hand)
Scrolls
 m - 2 scrolls of identify {unknown}
 p - a scroll of magic mapping {unknown}
 q - 2 scrolls of random uselessness {unknown}
 u - a scroll of teleportation {unknown}
Potions
 d - 2 potions of might
 g - a potion of brilliance {unknown}
 h - a potion of curing {unknown}
 j - a potion of heal wounds {unknown}
 l - a potion of mutation {unknown}
 s - a potion of haste {unknown}
Comestibles
 f - 3 bread rations
 n - a royal jelly
 t - 2 chunks of flesh


   Skills:
 + Level 3.5 Fighting
 + Level 2.8 Long Blades
 + Level 3.2 Armour
 + Level 0.3 Dodging
 + Level 2.8 Shields


You had 3 spell levels left.
You didn't know any spells.

Dungeon Overview and Level Annotations

Branches:
Dungeon (3/15)

Altars:


Innate Abilities, Weirdness & Mutations

You have very sharp fingernails.
You have large cloven feet.


Message History

You see here an adder corpse.
You butcher the adder corpse.
You see here 2 chunks of flesh.
t - 2 chunks of flesh
There is a stone staircase leading up here.
The hobgoblin shouts!
You hit the worm.
The worm is lightly wounded.
You block the worm's attack.
You slash the worm!
The worm is severely wounded.
The worm bites you!
A worm comes into view.
You hit the worm.
You kill the worm!
You have reached level 4!
You feel agile.
Your demonic ancestry asserts itself...
Your feet thicken and deform.
You block the orc priest's attack.
Are you sure you want to abandon this character and quit the game? (Confirm with "yes".)

#####...#.#.......#
#.....^)#.#.......#
#.####..#.#.<...###
#.^#.####### #..#.#
#..#.# #..#.#
#..#.# #..#@#
#######o# .......g#
########o...#
o..w... ......g
.w.o... ...$oo.
.......


You could see a worm, an orc priest, an orc wizard, an orc and a hobgoblin.

Vanquished Creatures
  2 adders
  5 worms
  2 leopard geckos
  3 bats (D:1)
  3 giant cockroaches
  5 goblins
  A hobgoblin (D:1)
  2 jackals (D:1)
  A ball python (D:1)
  3 frilled lizards (D:1)
  6 kobolds
  5 rats
38 creatures vanquished.

Notes
Turn   | Place    | Note
-------+----------+-------------------------------------------
     0 | D:1      | Peloso the Demonspawn Fighter began the quest for the Orb.
     0 | D:1      | Reached XP level 1. HP: 18/18 MP: 1/1
   368 | D:1      | Gained mutation: You have sharp fingernails. [demonic ancestry]
   368 | D:1      | Reached XP level 2. HP: 11/24 MP: 2/2
  1245 | D:2      | Gained mutation: You have very sharp fingernails. [demonic ancestry]
  1245 | D:2      | Reached XP level 3. HP: 18/29 MP: 3/3
  1612 | D:2      | You fall through a shaft!
  1680 | D:3      | Gained mutation: You have large cloven feet. [demonic ancestry]
  1680 | D:3      | Reached XP level 4. HP: 26/35 MP: 4/4
  1681 | D:3      | Quit the game

Skill      XL: |  1  2 |
---------------+-------+-----
Long Blades    | 2 |  2.8
Armour         | 3 |  3.2
Fighting       | |  3.5
Dodging        | |  0.3
Shields        | |  2.8

Action                   |  1- 3 |  4- 6 || total
-------------------------+-------+-------++-------
Melee: Long sword        |   144 |       ||   144
  Eat: Chunk             |     3 |       ||     3
Armor: Scale mail        |    75 |       ||    75
Dodge: Dodged            |    33 |       ||    33
Block: Shield            |    91 |     1 ||    92
       Rpst.: Long sword |     8 |       ||     8
